 Dungeon Crawl Stone Soup version 0.29-a0-838-g385bb11a5b (webtiles) character file.

Game seed: 12859652856440509291

0 ilikepepper the Insei (level 1, 0/13 HPs)
             Began as an Octopode Transmuter on July 13, 2022.
             Slain by a bat (1 damage)
             ... on level 1 of the Dungeon.
             The game lasted 00:00:12 (28 turns).

ilikepepper the Insei (Octopode Transmuter)           Turns: 28, Time: 00:00:13

Health: 0/13       AC:  1    Str:  9    XL:     1   Next: 0%
Magic:  3/3        EV: 13    Int: 15    God:
Gold:   0          SH:  0    Dex: 12    Spells: 3/4 levels left

rFire   . . .      SeeInvis .     - Unarmed
rCold   . . .      Faith    .   (no shield)
rNeg    . . .      Spirit   .   (helmet restricted)
rPois   .          Reflect  .   (no amulet)
rElec   .          Harm     .   (no ring)
rCorr   .          Rampage  .   (no ring)
Will    .....                   (no ring)
Stlth   ++........              (no ring)
HPRegen 0.04/turn               (no ring)
MPRegen 0.08/turn               (no ring)
                                (no ring)
                                (no ring)

@: no status effects
A: almost no armour, amphibious, 8 rings, camouflage 1, gelatinous body 1,
(nimble swimmer 1), tentacles
a: no special abilities


You were on level 1 of the Dungeon.
You visited 1 branch of the dungeon, and saw 1 of its levels.

Inventory:

Scrolls
 b - a scroll of fog {unknown}
Potions
 a - a potion of lignification


   Skills:
 + Level 1.0 Fighting
 + Level 2.0 Dodging
 + Level 3.0 Unarmed Combat
 + Level 2.0 Spellcasting
 + Level 2.0 Transmutations


You had 3 spell levels left.
You knew the following spells:

 Your Spells              Type           Power      Damage    Failure   Level
a - Beastly Appendage     Tmut           14%        N/A       10%         1

Your spell library contained the following spells:

 Spells                   Type           Power      Damage    Failure   Level
 Wereblood                Tmut           7%         N/A       14%         2
 Spider Form              Tmut/Pois      4%         N/A       41%         3
 Ice Form                 Ice/Tmut       4%         N/A       82%         4


Dungeon Overview and Level Annotations

Branches:
Dungeon (1/15)

Altars:


Innate Abilities, Weirdness & Mutations

You cannot wear most types of armour.
You are amphibious.
You can wear up to eight rings at the same time.
Your skin changes colour to match your surroundings (Stealth+).
Your rubbery body absorbs attacks. (AC +1, EV +1)
((You are camouflaged when in or above water. (Stealth+)))
You have tentacles for arms and can constrict up to eight enemies at once.


Message History

Welcome, ilikepepper the Octopode Transmuter.
Everyone else who sought the Orb of Zot has failed.
Will you be different?
Press ? for a list of commands and other information.
Found a scroll labelled KACOGA IFEHEUTO.
Found a staircase leading out of the dungeon.
b - a scroll labelled KACOGA IFEHEUTO You open the door.
There is an open door here.
A jackal comes into view. 2 jackals come into view.
Found a There-And-Back Book.
The jackal barks!
You hear a shout!
A jackal and a goblin come into view.
The jackal barks! x2; You hear an angry hiss.
A rat comes into view.
A bat comes into view.
The jackal bites you. x2; The jackal closely misses you.
You tentacle-slap the jackal. Your grab misses the jackal.
You tentacle-slap the jackal, but do no damage.
Your squeeze misses the jackal.
The jackal is heavily wounded.
The jackal bites you. The jackal barely misses you.
The jackal closely misses you.
You barely miss the jackal. You grab the jackal.
You tentacle-slap the jackal, but do no damage.
You constrict the jackal, but do no damage.
The jackal completely misses you. The jackal closely misses you.
The jackal bites you.
* * * LOW HITPOINT WARNING * * *
You tentacle-slap the jackal. You grab the jackal. You squeeze the jackal.
You kill the jackal!
You constrict the jackal. The bat barely misses you.
The jackal escapes!
The jackal bites you.
* * * LOW HITPOINT WARNING * * *
The bat hits you.
You die...

## .. #### ####.#
..: .... .....#
...####.###.h..####
.........#g.h......
#.........h@b..r#
...≈≈≈≈≈≈≈.####....
........≈...# #
......≈...#.#
.....≈....#.#
..........#.#
............#######
###########........
########............


You could see 3 jackals, a goblin, a bat and a rat.

Vanquished Creatures
  A jackal (D:1)
1 creature vanquished.

Notes
Turn   | Place    | Note
-------+----------+-------------------------------------------
     0 | D:1      | ilikepepper the Octopode Transmuter began the quest for the
                  | Orb.
     0 | D:1      | Reached XP level 1. HP: 13/13 MP: 3/3
    28 | D:1      | Slain by a bat

Illustrated notes

Levels and vault maps discovered:
D:1:      dpeg_arrival_rooms_c, layout_rooms, serial_rivers,
          chequers_serial_rivers_micro_e, chequers_serial_rivers_small_a,
          chequers_serial_rivers_small_a, chequers_serial_rivers_room_b,
          chequers_serial_rivers_room_b, serial_shops,
          nicolae_shop_hallway_stairs, grunt_decor_junction, minmay_tall_x

Action                   || total
-------------------------++-------
Melee: Unarmed           ||     3
       Constrict         ||     2
       Punch             ||     2
       Tentacles         ||     1
Dodge: Dodged            ||     6

Table legend: (Time is in decaauts)
 A = Elapsed time spent in this place.
 B = Non-inter-level travel time spent in this place.
 C = Inter-level travel time spent in this place.
 D = Time resting spent in this place.
 E = Time spent auto-exploring this place.
 F = Levels seen in this place.
 G = Mean time per level.
                   A        B        C        D        E       F      G
               +--------+--------+--------+--------+--------+-----+--------+
         Total |     27 |      7 |     20 |      0 |      0 |   1 |   27.0 |
       Dungeon |     27 |      7 |     20 |      0 |      0 |   1 |   27.0 |
               +--------+--------+--------+--------+--------+-----+--------+

Top non-repeatable levels by time:
     D:1: 27 daAuts
